AoeStats
← Yoloboy

Arena

508200682Analyzed
4v4 RM · 11d ago on Sep 21, 2026· 43m 10s· 8 players
Game mode
Random Map
Map size
Large (8 player)
Population
200
Speed
Normal
Resources
Standard
Victory
Conquest
Starting age
Dark Age
Ending age
Imperial Age
RankedLock teamsTeams togetherTeam positionsShared explorationLock speedFull tech treeHidden civsTurbo modeCheats
Victory
Defeat
🇨🇭 Maya · Switzerland
1797
+16
🇻🇳 Celts · Vietnam
1741
+18
🇺🇸 Mongols · United States
1695
+20
🇨🇳 Georgians · China
1655
+22
🇳🇱 Bohemians · Netherlands
1878
-22
🇳🇱 Ethiopians · Netherlands
1829
-21
🇳🇱 Persians · Netherlands
1805
-20
🇨🇳 Turks · China
1645
-13
Lastmantillidie
10:43 Feudal Age
12:01 Double-Bit Axe
14:39 Castle Age
12:53 Horse Collar
15:44 Bow Saw
18:34 Loom
18:36 Town Watch
22:45 Wheelbarrow
22:30 Fervor
23:09 Stone Mining
24:09 Hand Cart
24:02 Heavy Plow
25:27 Gold Mining
25:55 Fletching
30:03 Imperial Age
28:07 Bodkin Arrow
28:44 Padded Archer Armor
30:40 Gold Shaft Mining
30:42 Stone Shaft Mining
31:00 Bloodlines
30:50 Husbandry
31:23 Ballistics
32:03 Chemistry
31:48 Conscription
30:49 Elite Mangudai
31:49 Leather Archer Armor
31:47 Thumb Ring
33:07 Bracer
37:51 Drill
38:24 Hoardings
38:03 Masonry
44:10 Parthian Tactics
Frytok
0:29 Loom
11:04 Feudal Age
14:55 Castle Age
13:09 Double-Bit Axe
13:26 Horse Collar
15:55 Bow Saw
15:46 Heavy Plow
21:23 Wheelbarrow
22:04 Gold Mining
23:30 Hand Cart
27:39 Imperial Age
25:54 Town Watch
26:19 Scale Mail Armor
26:29 Forging
26:39 Stone Mining
26:34 Eagle Warrior
27:14 Squires
27:46 Chain Mail Armor
28:27 Iron Casting
27:48 Capped Ram
27:56 Elite Eagle Warrior
29:48 Plate Mail Armor
29:25 Siege Ram
31:20 Holcans
31:37 Iron Casting
31:57 Fletching
33:44 Caravan
34:31 Conscription
39:04 Blast Furnace
38:00 Bodkin Arrow
39:33 Pikeman
40:31 Halberdier
41:45 Bracer
41:57 Masonry
42:07 Ballistics
43:24 Chemistry
42:46 Ballistics
43:52 Two-Man Saw
43:24 Crop Rotation
44:13 Architecture
tim.13
9:46 Feudal Age
13:49 Castle Age
11:59 Double-Bit Axe
12:07 Horse Collar
14:26 Wheelbarrow
16:29 Bow Saw
21:25 Gold Mining
21:27 Stone Mining
24:09 Stone Shaft Mining
27:51 Imperial Age
25:08 Loom
26:01 Fortified Wall
26:07 Svan Towers
26:20 Fletching
26:30 Padded Archer Armor
27:19 Ballistics
27:03 Bodkin Arrow
27:59 Leather Archer Armor
27:08 Elite Skirmisher
28:39 Bracer
29:41 Chemistry
29:17 Conscription
29:46 Scale Barding Armor
29:53 Forging
30:24 Town Watch
30:55 Hand Cart
32:43 Chain Barding Armor
32:25 Caravan
32:29 Treadmill Crane
32:35 Arrowslits
32:22 Onager
33:53 Siege Onager
35:44 Plate Barding Armor
EmRatGa
10:56 Feudal Age
15:07 Castle Age
13:27 Double-Bit Axe
13:49 Horse Collar
16:20 Bow Saw
22:45 Ballistics
42:44 Imperial Age
42:54 Heavy Scorpion
44:36 Chemistry
Bo Zhi Shang
10:51 Feudal Age
15:20 Castle Age
13:31 Double-Bit Axe
13:30 Horse Collar
15:33 Wheelbarrow
15:30 Gold Mining
17:04 Bow Saw
23:36 Imperial Age
27:44 Padded Archer Armor
31:26 Heavy Plow
32:15 Hand Cart
35:23 Loom
37:05 Scale Barding Armor
37:10 Forging
37:51 Bloodlines
37:41 Husbandry
38:05 Conscription
37:43 Cavalier
39:40 Chain Barding Armor
40:26 Iron Casting
41:09 Plate Barding Armor
42:28 Gold Shaft Mining
PraYs
9:45 Feudal Age
10:53 Double-Bit Axe
13:16 Castle Age
12:31 Horse Collar
14:13 Bow Saw
14:05 Heavy Plow
20:39 Wheelbarrow
20:18 Heavy Plow
21:27 Gold Mining
22:54 Gold Shaft Mining
22:54 Hand Cart
27:06 Imperial Age
24:23 Loom
24:25 Town Watch
25:08 Scale Mail Armor
25:10 Stone Mining
26:24 Chain Mail Armor
27:12 Stone Shaft Mining
27:11 Capped Ram
29:27 Two-Man Saw
28:18 Fletching
29:31 Chemistry
28:18 Heavy Scorpion
29:08 Bodkin Arrow
29:12 Murder Holes
30:23 Torsion Engines
31:07 Siege Engineers
32:53 Onager
34:04 Conscription
34:54 Bracer
35:06 Masonry
38:30 Plate Mail Armor
38:10 Forging
37:55 Siege Ram
42:02 Iron Casting
Yoloboy
10:26 Feudal Age
13:57 Castle Age
12:02 Horse Collar
12:11 Double-Bit Axe
12:21 Horse Collar
16:13 Bow Saw
18:00 Loom
20:10 Heavy Plow
22:46 Wheelbarrow
23:13 Stone Mining
23:13 Gold Mining
25:04 Hand Cart
28:02 Gold Mining
31:57 Imperial Age
30:31 Scale Barding Armor
30:36 Forging
30:37 Bloodlines
30:28 Husbandry
31:37 Heavy Camel Rider
31:58 Cavalier
33:18 Chain Barding Armor
34:44 Plate Barding Armor
35:23 Iron Casting
34:49 Padded Archer Armor
34:40 Fletching
35:15 Ballistics
37:09 Chemistry
36:28 Masonry
39:40 Conscription
39:40 Bodkin Arrow
40:53 Blast Furnace
40:35 Gold Shaft Mining
40:36 Stone Shaft Mining
41:10 Two-Man Saw
39:33 Cavalier
40:34 Light Cavalry
40:52 Capped Ram
RoR | AngelinaJolie
10:03 Feudal Age
13:38 Castle Age
11:44 Double-Bit Axe
11:52 Horse Collar
14:43 Bow Saw
25:05 Imperial Age
23:12 Loom
24:03 Wheelbarrow
23:32 Heavy Plow
25:07 Chemistry
24:44 Wheelbarrow
24:35 Scale Mail Armor
25:26 Squires
24:46 Pikeman
25:30 Squires
25:16 Arson
25:34 Town Watch
25:54 Halberdier
26:21 Arson
27:18 Chain Mail Armor
28:49 Conscription
28:34 Houfnice
32:00 Plate Mail Armor
31:31 Padded Archer Armor
33:14 Leather Archer Armor
35:19 Plate Mail Armor
38:09 Ring Archer Armor
37:50 Forging
38:09 Siege Engineers
Connection lost

Rejoining the realm…

Still unreachable

The connection could not be restored.

Session expired

The server has moved on; the page needs a fresh start.